[Event "African Games Rapid Open 2019"]
[Site "Casablanca"]
[Date "2019.08.26"]
[Round "2.19"]
[White "Sang, Ricky"]
[Black "Kourakoumba, Florent"]
[Result "0-1"]
[ECO "A40"]
[WhiteElo "1971"]
[BlackElo "1677"]
[Annotator "NA"]
[PlyCount "202"]
[EventDate "2019.08.26"]
[EventType "team-tourn"]
[EventCountry "MAR"]
[SourceTitle "playchess.com"]
[Source "ChessBase"]
[SourceQuality "1"]
[TimeControl "900+10"]

1. d4 e6 2. Bf4 Be7 3. Nf3 d6 4. e3 Nf6 5. Bd3 O-O 6. h3 Nd5 7. Bg3 f6 8. c4 Nb4 9. Be2 c6 10. a3 N4a6 11. O-O Nd7 12. Nc3 e5 13. b4 Nc7 14. Qb3 Kh8 15. Rad1 Qe8 16. Rfe1 a6 17. Bd3 g6 18. a4 Bd8 19. Ne4 Qe6 20. Qc3 f5 21. Neg5 Bxg5 22. Nxg5 Qf6 23. Bh4 h6 24. Nf3 g5 25. dxe5 dxe5 26. Bg3 e4 27. Qxf6+ Nxf6 28. Bxc7 exf3 29. Bf1 fxg2 30. Bxg2 Rf7 31. Be5 Kh7 32. Rd8 Nd7 33. Bc3 Kg6 34. Rd1 Kh5 35. Bf3+ g4 36. Be2 Nb6 37. Rg8 Be6 38. Rxa8 Nxa8 39. Rd6 Bd7 40. Bg7 Rxg7 41. Kh2 Kg5 42. a5 Nc7 43. f4+ gxf3 44. Bxf3 Ne8 45. h4+ Kxh4 46. Rxh6+ Kg5 47. Rh8 Nf6 48. Rb8 Rh7+ 49. Kg2 Be6 50. b5 axb5 51. cxb5 Bd5 52. bxc6 bxc6 53. Bxd5 Nxd5 54. Rc8 Nxe3+ 55. Kf3 Nd5 56. Rxc6 Rh3+ 57. Kf2 Ra3 58. Rc5 Nf4 59. Rb5 Kg4 60. Rb8 Rxa5 61. Rg8+ Kh4 62. Kf3 Nh5 63. Rf8 Ra3+ 64. Kf2 f4 65. Rg8 Kh3 66. Rh8 Kg4 67. Rg8+ Kf5 68. Rf8+ Nf6 69. Rf7 f3 70. Rb7 Kf4 71. Rf7 Ra2+ 72. Kf1 Ke5 73. Re7+ Kf5 74. Rf7 Kg6 75. Re7 Kg5 76. Rg7+ Kf5 77. Rf7 Ke6 78. Rg7 Kd5 79. Rf7 Ke5 80. Rf8 Rb2 81. Rf7 Ra2 82. Re7+ Kd4 83. Rf7 Ke3 84. Kg1 f2+ 85. Kg2 Ne4 86. Rf3+ Ke2 87. Rf4 Ke3 88. Rf3+ Kd4 89. Rf4 Ke5 90. Rf8 Re2 91. Re8+ Kd4 92. Rd8+ Ke3 93. Rf8 Re1 94. Rf3+ Kd4 95. Rf4 Ke5 96. Rf8 Rg1+ 97. Kh2 f1=Q 98. Re8+ Kd4 99. Rxe4+ Kd3 100. Re3+ Kd2 101. Rd3+ Qxd3 0-1

[Event "African Games Rapid Open 2019"]
[Site "Casablanca"]
[Date "2019.08.26"]
[Round "2.20"]
[White "Koualet-Bebondi, Vianney Archeveq"]
[Black "Yahi, Mohamed Salem"]
[Result "1/2-1/2"]
[ECO "B00"]
[WhiteElo "1679"]
[BlackElo "1928"]
[Annotator "NA"]
[PlyCount "73"]
[EventDate "2019.08.26"]
[EventType "team-tourn"]
[EventCountry "MAR"]
[SourceTitle "playchess.com"]
[Source "ChessBase"]
[SourceQuality "1"]
[TimeControl "900+10"]

1. e4 d6 2. Be2 Nf6 3. d3 g6 4. Nf3 Bg7 5. O-O O-O 6. c3 e5 7. Bg5 h6 8. Bxf6 Qxf6 9. d4 Bg4 10. dxe5 dxe5 11. h3 Bxf3 12. Bxf3 Nc6 13. Qc2 Rad8 14. Na3 a6 15. Be2 Qg5 16. Nc4 b5 17. Ne3 Ne7 18. Rad1 f5 19. Rxd8 Rxd8 20. exf5 gxf5 21. Rd1 Rd6 22. Rxd6 cxd6 23. Qb3+ Kh8 24. Qa3 f4 25. Nf1 e4 26. f3 exf3 27. Bxf3 Qc5+ 28. Qxc5 dxc5 29. Bb7 a5 30. Nd2 b4 31. Ne4 c4 32. Ba6 bxc3 33. bxc3 Nd5 34. Bxc4 Nxc3 35. Nxc3 Bxc3 36. Kf2 Kg7 37. h4 1/2-1/2

[Event "African Games Rapid Open 2019"]
[Site "Casablanca"]
[Date "2019.08.26"]
[Round "3.3"]
[White "Hamdouchi, Hicham"]
[Black "Ssegwanyi, Arthur"]
[Result "0-1"]
[ECO "C60"]
[WhiteElo "2562"]
[BlackElo "2335"]
[Annotator "ChessBase"]
[PlyCount "72"]
[EventDate "2019.08.26"]
[EventType "team-tourn"]
[EventCountry "MAR"]
[SourceTitle "playchess.com"]
[Source "ChessBase"]
[SourceQuality "1"]
[TimeControl "900+10"]

1. e4 e5 2. Nf3 Nc6 3. Bb5 Nge7 4. O-O g6 5. c3 Bg7 6. d4 exd4 7. cxd4 a6 8. Bc4 b5 9. Bb3 d6 10. d5 Na5 11. Bd2 Nxb3 12. axb3 O-O 13. Bc3 c5 14. dxc6 Nxc6 15. Bxg7 Kxg7 16. Nc3 Ne5 17. Nd4 Bb7 18. f4 Qb6 19. Kh1 Nd7 20. Qd2 Rad8 21. Qf2 Kg8 22. f5 Nc5 23. f6 Ne6 24. Rad1 Qc5 25. Nd5 Bxd5 26. exd5 Qxd5 27. Nxe6 Qxe6 28. Qf4 Kh8 29. Rde1 Qd5 30. Qh6 Rg8 31. Re7 g5 32. Rfe1 Qxb3 33. h3 g4 34. Re8 Rdxe8 35. Rxe8 Qd1+ 36. Kh2 g3# 0-1

[Event "African Games Rapid Open 2019"]
[Site "Casablanca"]
[Date "2019.08.26"]
[Round "3.4"]
[White "Kayonde, Andrew"]
[Black "Tissir, Mohamed"]
[Result "1-0"]
[ECO "B06"]
[WhiteElo "2384"]
[BlackElo "2379"]
[Annotator "NA"]
[PlyCount "63"]
[EventDate "2019.08.26"]
[EventType "team-tourn"]
[EventCountry "MAR"]
[SourceTitle "playchess.com"]
[Source "ChessBase"]
[SourceQuality "1"]
[TimeControl "900+10"]

1. d4 d6 2. e4 g6 3. Nc3 Bg7 4. Be3 Nd7 5. f4 a6 6. Nf3 b5 7. Bd3 Bb7 8. e5 c5 9. Be4 Bxe4 10. Nxe4 cxd4 11. Bxd4 dxe5 12. fxe5 Nh6 13. e6 Nf6 14. Neg5 Qd5 15. Qe2 O-O 16. exf7+ Nxf7 17. Ne6 Rfc8 18. Nxg7 Kxg7 19. O-O Rc7 20. c3 Kg8 21. a4 Qc4 22. Rfe1 Rac8 23. axb5 axb5 24. Qf2 b4 25. Qh4 bxc3 26. bxc3 Qc6 27. Rab1 Nd5 28. Ne5 Nxe5 29. Rxe5 Rf8 30. Rbe1 Rf7 31. Re6 Rf4 32. Qh6 1-0

[Event "African Games Rapid Open 2019"]
[Site "Casablanca"]
[Date "2019.08.26"]
[Round "3.5"]
[White "Arab, Adlane"]
[Black "Mushore, Emarald Takudzwa"]
[Result "1-0"]
[ECO "D37"]
[WhiteElo "2485"]
[BlackElo "2198"]
[Annotator "ChessBase"]
[PlyCount "111"]
[EventDate "2019.08.26"]
[EventType "team-tourn"]
[EventCountry "MAR"]
[SourceTitle "playchess.com"]
[Source "ChessBase"]
[SourceQuality "1"]
[TimeControl "900+10"]

1. d4 Nf6 2. c4 e6 3. Nf3 d5 4. Nc3 Be7 5. Bf4 O-O 6. e3 c5 7. dxc5 Nc6 8. a3 Bxc5 9. Qc2 Qa5 10. Rd1 Be7 11. Nd2 e5 12. Bg3 d4 13. Nb3 Qd8 14. exd4 exd4 15. Nb5 Bc5 16. Nxc5 Qe7+ 17. Be2 Qxc5 18. Bd6 Qg5 19. O-O Bf5 20. Bd3 Bxd3 21. Rxd3 Rfd8 22. c5 Qg6 23. Qd1 Ne4 24. Nxd4 Nxd4 25. Rxd4 b6 26. b4 Rac8 27. Re1 Re8 28. Re3 h6 29. h3 f5 30. cxb6 axb6 31. Bf4 Qf6 32. f3 Ng5 33. Rd6 Qb2 34. Bxg5 hxg5 35. Qd5+ Kh8 36. Rxe8+ Rxe8 37. Qxf5 Qc1+ 38. Kh2 Qc7 39. Qd7 Qb8 40. Kg1 Rc8 41. Rd1 b5 42. Qf5 Rd8 43. Rf1 Qg3 44. Qg4 Qe5 45. f4 Qd4+ 46. Kh2 gxf4 47. Rxf4 Qd6 48. Qg3 Kg8 49. Rg4 Qf6 50. Rg6 Qa1 51. Rg5 Rd1 52. Qb3+ Kh7 53. Qc2+ Kg8 54. Qc8+ Kh7 55. Qf5+ Kg8 56. Qe6+ 1-0

[Event "African Games Rapid Open 2019"]
[Site "Casablanca"]
[Date "2019.08.26"]
[Round "3.6"]
[White "Makoto, Rodwell"]
[Black "Wanyama, Harold"]
[Result "0-1"]
[ECO "A09"]
[WhiteElo "2373"]
[BlackElo "2293"]
[Annotator "NA"]
[PlyCount "72"]
[EventDate "2019.08.26"]
[EventType "team-tourn"]
[EventCountry "MAR"]
[SourceTitle "playchess.com"]
[Source "ChessBase"]
[SourceQuality "1"]
[TimeControl "900+10"]

1. Nf3 d5 2. c4 d4 3. b4 f6 4. e3 e5 5. c5 a5 6. Qa4+ Bd7 7. b5 Bxc5 8. Bc4 Ne7 9. exd4 exd4 10. O-O Bf5 11. Ba3 Nd7 12. d3 Nb6 13. Qc2 Bxa3 14. Nxa3 Qd6 15. Qb2 O-O-O 16. Rfe1 Ng6 17. Rac1 Ne5 18. Nxe5 fxe5 19. Re2 Rde8 20. Rce1 Re7 21. f3 Rhe8 22. Qc1 h6 23. Nb1 Nxc4 24. Qxc4 Qb4 25. Nd2 Qxc4 26. dxc4 Bd3 27. Rf2 b6 28. Rc1 Kb7 29. Ne4 Bxe4 30. fxe4 Rd8 31. c5 bxc5 32. Rfc2 d3 33. Rxc5 Rd4 34. Rd1 Kb6 35. Rc3 Red7 36. Kf2 d2 0-1

[Event "African Games Rapid Open 2019"]
[Site "Casablanca"]
[Date "2019.08.26"]
[Round "3.7"]
[White "Elarabi, Abobker Mohamed"]
[Black "Zaibi, Amir"]
[Result "1/2-1/2"]
[ECO "D37"]
[WhiteElo "2326"]
[BlackElo "2367"]
[Annotator "NA"]
[PlyCount "23"]
[EventDate "2019.08.26"]
[EventType "team-tourn"]
[EventCountry "MAR"]
[SourceTitle "playchess.com"]
[Source "ChessBase"]
[SourceQuality "1"]
[TimeControl "900+10"]

1. d4 d5 2. c4 e6 3. Nf3 Nf6 4. Nc3 Be7 5. Bg5 Nbd7 6. e3 h6 7. Bh4 Ne4 8. Bxe7 Qxe7 9. Nxe4 dxe4 10. Nd2 f5 11. Qh5+ Qf7 12. Qxf7+ 1/2-1/2

[Event "African Games Rapid Open 2019"]
[Site "Casablanca"]
[Date "2019.08.26"]
[Round "3.8"]
[White "Traore, Bakary"]
[Black "Chumfwa, Stanley"]
[Result "1-0"]
[ECO "B99"]
[WhiteElo "2189"]
[BlackElo "2317"]
[Annotator "NA"]
[PlyCount "73"]
[EventDate "2019.08.26"]
[EventType "team-tourn"]
[EventCountry "MAR"]
[SourceTitle "playchess.com"]
[Source "ChessBase"]
[SourceQuality "1"]
[TimeControl "900+10"]

1. e4 c5 2. Nf3 d6 3. d4 cxd4 4. Nxd4 Nf6 5. Nc3 a6 6. Bg5 e6 7. f4 Be7 8. Qf3 Qc7 9. O-O-O Nbd7 10. g4 b5 11. Bxf6 Nxf6 12. g5 Nd7 13. f5 Nc5 14. f6 gxf6 15. gxf6 Bf8 16. Rg1 h5 17. Kb1 b4 18. Nce2 Bb7 19. Ng3 h4 20. Nh5 Bxe4 21. Ng7+ Kd7 22. Qe3 d5 23. Bg2 Kc8 24. Bxe4 Nxe4 25. Ndxe6 fxe6 26. Nxe6 Qc6 27. Qh3 Kb7 28. Qf5 Rc8 29. Ka1 Ka8 30. Rxd5 Nxf6 31. Rd8 Rxd8 32. Nxd8 Qb6 33. Rd1 Bc5 34. Qc8+ Qb8 35. Qxa6+ Qa7 36. Qc8+ Qb8 37. Qc6+ 1-0

[Event "African Games Rapid Open 2019"]
[Site "Casablanca"]
[Date "2019.08.26"]
[Round "3.9"]
[White "Khetho, Phemelo"]
[Black "Adu, Oladapo"]
[Result "1/2-1/2"]
[ECO "B20"]
[WhiteElo "2178"]
[BlackElo "2273"]
[Annotator "NA"]
[PlyCount "124"]
[EventDate "2019.08.26"]
[EventType "team-tourn"]
[EventCountry "MAR"]
[SourceTitle "playchess.com"]
[Source "ChessBase"]
[SourceQuality "1"]
[TimeControl "900+10"]

1. e4 c5 2. b3 Nc6 3. Bb2 d6 4. Bb5 Bd7 5. f4 a6 6. Bxc6 Bxc6 7. d3 e6 8. Nf3 Nf6 9. O-O Be7 10. Nbd2 b5 11. c4 d5 12. cxd5 exd5 13. e5 Ng4 14. Re1 d4 15. Nf1 Nh6 16. b4 Nf5 17. bxc5 h5 18. Rc1 Qd5 19. Qb3 Qd8 20. e6 f6 21. N1d2 Rc8 22. Ne4 O-O 23. Nd6 Nxd6 24. cxd6 Qxd6 25. Nxd4 Bd5 26. Qd1 Qxf4 27. Rxc8 Rxc8 28. Qxh5 Qg5 29. Qxg5 fxg5 30. Nf5 Bc5+ 31. Kf1 Bb4 32. Re5 Bxa2 33. Re4 g6 34. e7 Re8 35. Nh6+ Kh7 36. Ng4 Bxe7 37. Bf6 Bb1 38. Ke2 Bxd3+ 39. Kxd3 Rd8+ 40. Rd4 Rxd4+ 41. Kxd4 Bd6 42. Bxg5 a5 43. Kd5 Bf8 44. Kc6 b4 45. Kb5 b3 46. Nf6+ Kg7 47. Ne4 Ba3 48. Ka4 b2 49. Nd2 Bb4 50. Nb1 Kf7 51. Bd8 Bd6 52. h3 Ke6 53. Bxa5 Kd5 54. Kb3 Ke4 55. Kxb2 Ke3 56. Be1 Ke2 57. Bh4 Kf1 58. g4 Kg2 59. Bf6 Kxh3 60. g5 Kg4 61. Nc3 Bf4 62. Ne4 Kf5 1/2-1/2

[Event "African Games Rapid Open 2019"]
[Site "Casablanca"]
[Date "2019.08.26"]
[Round "3.10"]
[White "Aderito, Pedro"]
[Black "Rita, Jeorciley"]
[Result "1-0"]
[ECO "A05"]
[WhiteElo "2301"]
[BlackElo "1920"]
[Annotator "NA"]
[PlyCount "91"]
[EventDate "2019.08.26"]
[EventType "team-tourn"]
[EventCountry "MAR"]
[SourceTitle "playchess.com"]
[Source "ChessBase"]
[SourceQuality "1"]
[TimeControl "900+10"]

1. Nf3 Nf6 2. g3 g6 3. Bg2 Bg7 4. O-O O-O 5. d3 d6 6. e4 e5 7. Re1 Nc6 8. c3 Re8 9. b4 a6 10. Nbd2 b5 11. a4 Bb7 12. Nb3 Qd7 13. Ng5 h6 14. Bh3 Qe7 15. Nf3 Bc8 16. Bg2 Bg4 17. h3 Be6 18. Kh2 Kh7 19. Bb2 Red8 20. Qc2 Qd7 21. Nfd2 Qe7 22. Nf1 Nd7 23. Ne3 Qe8 24. Nd5 Bxd5 25. exd5 Ne7 26. c4 Rab8 27. axb5 axb5 28. Bc3 Nb6 29. Na5 Na4 30. Bd2 e4 31. dxe4 Bxa1 32. Rxa1 Nb6 33. c5 Nc4 34. Nxc4 bxc4 35. Qxc4 c6 36. Bf4 cxd5 37. exd5 Qb5 38. Qxb5 Rxb5 39. Bxd6 Nc8 40. Bc7 Rd7 41. d6 Rxb4 42. Ra8 Ne7 43. c6 Nxc6 44. Bxc6 Rxd6 45. Bxd6 Rb6 46. Be5 1-0

[Event "African Games Rapid Open 2019"]
[Site "Casablanca"]
[Date "2019.08.26"]
[Round "3.11"]
[White "Osunfuyi, Abimbola"]
[Black "Amba, Oyon Marius Claude"]
[Result "0-1"]
[ECO "A15"]
[WhiteElo "2235"]
[BlackElo "1911"]
[Annotator "NA"]
[PlyCount "66"]
[EventDate "2019.08.26"]
[EventType "team-tourn"]
[EventCountry "MAR"]
[SourceTitle "playchess.com"]
[Source "ChessBase"]
[SourceQuality "1"]
[TimeControl "900+10"]

1. c4 Nf6 2. g3 g6 3. Bg2 Bg7 4. Nc3 c5 5. d3 a6 6. a3 Qc7 7. Bf4 e5 8. Bd2 d6 9. b4 Bd7 10. Rc1 Bc6 11. Nd5 Bxd5 12. cxd5 b6 13. Nh3 Nbd7 14. O-O Rc8 15. e4 O-O 16. f4 exf4 17. gxf4 Nh5 18. Bf3 Bd4+ 19. Kh1 Ng7 20. Qb3 Qd8 21. Be1 cxb4 22. Rxc8 Qxc8 23. axb4 Ne5 24. fxe5 Qxh3 25. Bg2 Qh5 26. e6 Be5 27. h3 fxe6 28. Rxf8+ Kxf8 29. Bf2 Qe2 30. Bg1 Qe1 31. Qc4 Nh5 32. dxe6 Ng3+ 33. Kh2 Ne2+ 0-1

[Event "African Games Rapid Open 2019"]
[Site "Casablanca"]
[Date "2019.08.26"]
[Round "3.12"]
[White "Beukes, Dante M"]
[Black "Silva, David"]
[Result "0-1"]
[ECO "C47"]
[WhiteElo "2130"]
[BlackElo "2239"]
[Annotator "NA"]
[PlyCount "116"]
[EventDate "2019.08.26"]
[EventType "team-tourn"]
[EventCountry "MAR"]
[SourceTitle "playchess.com"]
[Source "ChessBase"]
[SourceQuality "1"]
[TimeControl "900+10"]

1. e4 e5 2. Nf3 Nc6 3. Nc3 Nf6 4. d4 exd4 5. Nxd4 Bb4 6. Nxc6 bxc6 7. Bd3 d5 8. exd5 O-O 9. O-O cxd5 10. h3 c6 11. Qf3 Bd6 12. Bf4 Rb8 13. b3 Rb4 14. Bxd6 Qxd6 15. Qg3 Qd8 16. a3 Rb6 17. Na4 Rb7 18. Nc5 Re7 19. Qh4 h6 20. b4 Rfe8 21. Rad1 Re5 22. c4 Bf5 23. Bxf5 Rxf5 24. cxd5 Rxd5 25. Rxd5 Qxd5 26. Qg3 a5 27. Qd3 axb4 28. axb4 Rb8 29. Qc3 Nh5 30. Nd3 Rd8 31. Ne5 Nf4 32. Qxc6 Qxe5 33. b5 Ne2+ 34. Kh1 Nd4 35. Qc3 Qxb5 36. Rd1 Ne6 37. Rxd8+ Nxd8 38. Qc8 Qd3 39. Qb8 Kh7 40. Qa7 Qd1+ 41. Kh2 Qd6+ 42. Kg1 Qf6 43. Qd7 Ne6 44. Qd3+ Qg6 45. Qc4 Qb1+ 46. Kh2 Qb8+ 47. Kg1 Qf4 48. Qd3+ g6 49. Qd7 Kg7 50. Qa7 Nd4 51. Qe7 h5 52. Qe8 Ne6 53. Qc8 Qd2 54. Qa6 Qe1+ 55. Qf1 Qxf1+ 56. Kxf1 Kf6 57. Kg1 Ke5 58. Kf1 Ke4 0-1

[Event "African Games Rapid Open 2019"]
[Site "Casablanca"]
[Date "2019.08.26"]
[Round "3.14"]
[White "Ebosse, Kingue Victor Patric"]
[Black "Mesfin, Leykun"]
[Result "0-1"]
[ECO "B99"]
[WhiteElo "2055"]
[BlackElo "2151"]
[Annotator "NA"]
[PlyCount "108"]
[EventDate "2019.08.26"]
[EventType "team-tourn"]
[EventCountry "MAR"]
[SourceTitle "playchess.com"]
[Source "ChessBase"]
[SourceQuality "1"]
[TimeControl "900+10"]

1. e4 c5 2. Nf3 d6 3. d4 cxd4 4. Nxd4 Nf6 5. Nc3 a6 6. Bg5 e6 7. f4 Be7 8. Qf3 Nbd7 9. O-O-O Qc7 10. Kb1 b5 11. Bd3 b4 12. Na4 Bb7 13. Rhe1 Rc8 14. g4 Nc5 15. Nxc5 dxc5 16. Nb5 axb5 17. Bxb5+ Bc6 18. e5 Bxb5 19. exf6 gxf6 20. Bh4 Qa7 21. f5 Ra8 22. a3 bxa3 23. b3 a2+ 24. Ka1 Bd7 25. fxe6 Bxe6 26. Bxf6 Qb7 27. Qc3 Rg8 28. g5 Bxf6 29. Qxf6 Qe7 30. Qf3 Rd8 31. Rxd8+ Qxd8 32. Qc6+ Kf8 33. Qxc5+ Qe7 34. Re5 Qxc5 35. Rxc5 Ke7 36. Kxa2 Rd8 37. Ka3 Rd2 38. b4 Rxh2 39. b5 Kd6 40. Kb4 Rh1 41. Rc6+ Kd7 42. Kc5 Rg1 43. c4 Rxg5+ 44. Kb6 h5 45. c5 h4 46. Rd6+ Ke7 47. Rd4 Rh5 48. c6 h3 49. Rd2 h2 50. Rxh2 Rxh2 51. Kc7 Rb2 52. b6 Rxb6 53. Kxb6 Kd6 54. Kb5 Ke5 0-1

[Event "African Games Rapid Open 2019"]
[Site "Casablanca"]
[Date "2019.08.26"]
[Round "3.15"]
[White "Espirito Santo, Waldyr"]
[Black "Gohil, Mehul"]
[Result "0-1"]
[ECO "C12"]
[WhiteElo "1923"]
[BlackElo "2076"]
[Annotator "NA"]
[PlyCount "138"]
[EventDate "2019.08.26"]
[EventType "team-tourn"]
[EventCountry "MAR"]
[SourceTitle "playchess.com"]
[Source "ChessBase"]
[SourceQuality "1"]
[TimeControl "900+10"]

1. e4 e6 2. d4 d5 3. Nc3 Nf6 4. Bg5 Bb4 5. e5 h6 6. Bd2 Bxc3 7. bxc3 Ne4 8. Qg4 Kf8 9. Bd3 Nxd2 10. Kxd2 c5 11. Nf3 Nc6 12. h4 c4 13. Be2 b5 14. a3 a5 15. Rh3 h5 16. Qf4 Ne7 17. Rg3 Nf5 18. Rh3 Qe7 19. Ng5 Ke8 20. g4 hxg4 21. Bxg4 Rxh4 22. Rxh4 Nxh4 23. Bh5 Ng6 24. Bxg6 fxg6 25. Rh1 Kd7 26. Nf7 Ba6 27. Rh7 Rg8 28. Nd6 Rf8 29. Qg3 g5 30. Ke1 Kc6 31. Qh2 g4 32. Qh5 Rd8 33. Qg6 Rd7 34. Rh8 Rd8 35. Rxd8 Qxd8 36. Qxg7 Qd7 37. Qf8 Bb7 38. Qb8 Ba6 39. Qa8+ Kb6 40. Qb8+ Kc6 41. Kd2 Qe7 42. Qe8+ Qxe8 43. Nxe8 Kd7 44. Nf6+ Ke7 45. Nxg4 Kf7 46. Nf6 Kg6 47. Nd7 Kf5 48. Ke3 Bb7 49. f3 Bc6 50. Nb6 Be8 51. Nc8 Kg5 52. Nd6 Bd7 53. Nf7+ Kf5 54. f4 Kg4 55. Nd6 Kg3 56. Nb7 Kg4 57. Nc5 Bc8 58. a4 b4 59. cxb4 axb4 60. a5 Kg3 61. a6 b3 62. cxb3 cxb3 63. a7 b2 64. a8=Q b1=Q 65. Qxc8 Qc1+ 66. Kd3 Qc4+ 67. Ke3 Qc1+ 68. Ke2 Qc2+ 69. Ke1 Kf3 0-1

[Event "African Games Rapid Open 2019"]
[Site "Casablanca"]
[Date "2019.08.26"]
[Round "3.16"]
[White "Asante Debesai Zerabruk"]
[Black "Mphungu, Gerrard"]
[Result "0-1"]
[ECO "B92"]
[WhiteElo "1712"]
[BlackElo "2107"]
[Annotator "NA"]
[PlyCount "116"]
[EventDate "2019.08.26"]
[EventType "team-tourn"]
[EventCountry "MAR"]
[SourceTitle "playchess.com"]
[Source "ChessBase"]
[SourceQuality "1"]
[TimeControl "900+10"]

1. e4 c5 2. Nf3 d6 3. d4 cxd4 4. Nxd4 Nf6 5. Nc3 a6 6. Be2 e5 7. Nb3 Be6 8. Be3 Nbd7 9. Qd2 Be7 10. f3 Qc7 11. O-O-O b5 12. g4 Nb6 13. Bxb6 Qxb6 14. Nd5 Bxd5 15. exd5 a5 16. Qd3 Rb8 17. Qc3 a4 18. Na5 O-O 19. Nc6 Rb7 20. h4 Re8 21. g5 Nd7 22. Nxe7+ Rxe7 23. Qc6 Nf8 24. Qc3 Rec7 25. Qd3 Ng6 26. h5 Nf4 27. Qe4 Rb8 28. g6 f5 29. gxh7+ Kh8 30. Qxf5 Nxe2+ 31. Kb1 Qb7 32. h6 Rf7 33. hxg7+ Rxg7 34. Qf6 Qe7 35. Qe6 Re8 36. Rh2 Nf4 37. Qxe7 Rexe7 38. Rh6 Rg6 39. Rxg6 Nxg6 40. Rg1 Rg7 41. b3 a3 42. c3 Nf4 43. Re1 Rxh7 44. c4 bxc4 45. bxc4 Rh2 46. Re3 Rb2+ 47. Ka1 Rc2 48. Rxa3 Rxc4 49. Ra6 Rd4 50. Rxd6 Rxd5 51. Rxd5 Nxd5 52. Kb2 Kg7 53. Kb3 Kf6 54. Kc4 Ke6 55. a4 Nb6+ 56. Kb5 Nxa4 57. Kxa4 Kf5 58. Kb3 Kf4 0-1

[Event "African Games Rapid Open 2019"]
[Site "Casablanca"]
[Date "2019.08.26"]
[Round "3.17"]
[White "Kourakoumba, Florent"]
[Black "Mwale, Joseph"]
[Result "0-1"]
[ECO "C24"]
[WhiteElo "1677"]
[BlackElo "2231"]
[Annotator "NA"]
[PlyCount "60"]
[EventDate "2019.08.26"]
[EventType "team-tourn"]
[EventCountry "MAR"]
[SourceTitle "playchess.com"]
[Source "ChessBase"]
[SourceQuality "1"]
[TimeControl "900+10"]

1. e4 e5 2. Bc4 Nf6 3. d3 Nc6 4. c3 Bc5 5. h3 d5 6. exd5 Nxd5 7. Nf3 O-O 8. O-O Be6 9. b4 Bb6 10. a4 a6 11. Na3 Nxc3 12. Qc2 Nd5 13. b5 axb5 14. axb5 Nd4 15. Qd2 Nxf3+ 16. gxf3 Bxh3 17. Re1 Ba5 18. Qe2 Bxe1 19. Qxe1 Qf6 20. Kh2 Qxf3 21. Qg1 Be6 22. Qg3 Qh5+ 23. Kg2 Rad8 24. Nc2 Nf4+ 25. Bxf4 exf4 26. Qxf4 Bh3+ 27. Kg1 Rd6 28. Qh2 Rg6+ 29. Kh1 Qf3+ 30. Qg2 Qxg2# 0-1

[Event "African Games Rapid Open 2019"]
[Site "Casablanca"]
[Date "2019.08.26"]
[Round "3.19"]
[White "Yahi, Mohamed Salem"]
[Black "Eichab, Charles"]
[Result "0-1"]
[ECO "A96"]
[WhiteElo "1928"]
[BlackElo "2016"]
[Annotator "NA"]
[PlyCount "184"]
[EventDate "2019.08.26"]
[EventType "team-tourn"]
[EventCountry "MAR"]
[SourceTitle "playchess.com"]
[Source "ChessBase"]
[SourceQuality "1"]
[TimeControl "900+10"]

1. d4 f5 2. c4 Nf6 3. g3 e6 4. Bg2 Be7 5. Nf3 O-O 6. O-O d6 7. Nc3 a5 8. b3 Na6 9. Bb2 Qe8 10. Re1 Ne4 11. Nxe4 fxe4 12. Nd2 d5 13. f3 exf3 14. exf3 Nb4 15. Re2 Qg6 16. a3 Nc6 17. cxd5 exd5 18. Rc1 Bf6 19. Nf1 Bd7 20. Ne3 Be6 21. f4 Rad8 22. f5 Bxf5 23. Nxd5 Bg4 24. Nxf6+ gxf6 25. d5 Rfe8 26. Rxe8+ Rxe8 27. Qf1 Ne5 28. Re1 Rf8 29. Be4 Qh6 30. Bc1 Qh5 31. Qf4 Bf3 32. Bf5 Bxd5 33. Rf1 Nf3+ 34. Rxf3 Qxf3 35. Qxf3 Bxf3 36. Bb2 Kg7 37. Kf2 Bd5 38. b4 axb4 39. axb4 Ra8 40. Bb1 Ra4 41. Bc3 Ra3 42. Bd2 Rb3 43. Bf5 Rb2 44. Ke3 b6 45. g4 c5 46. bxc5 bxc5 47. g5 Rb3+ 48. Kf4 Rf3+ 49. Kg4 fxg5 50. Kxg5 h6+ 51. Kg4 Kf6 52. Bd7 Rf2 53. Bxh6 Rxh2 54. Bg5+ Kf7 55. Bf4 Re2 56. Kg5 c4 57. Bg4 Ra2 58. Bh5+ Ke7 59. Be5 Ke6 60. Bd4 Rd2 61. Bg4+ Kd6 62. Bg7 Kc5 63. Bf8+ Kb5 64. Bg7 Kb4 65. Kf4 c3 66. Ke3 Rg2 67. Bf8+ Kb3 68. Bd1+ Kb2 69. Bc5 Bb3 70. Bf3 Rg3 71. Kf2 Rh3 72. Bd4 Rh4 73. Be5 Rc4 74. Ke2 Bc2 75. Ke3 Bh7 76. Bg7 Kb1 77. Bd5 Rc7 78. Bxc3 Rxc3+ 79. Kf4 Kc2 80. Bb7 Kd3 81. Ba6+ Kd4 82. Bb7 Re3 83. Bc6 Be4 84. Bb5 Rf3+ 85. Kg4 Ke5 86. Be8 Rf8 87. Bb5 Rg8+ 88. Kh3 Kf4 89. Kh2 Rg2+ 90. Kh3 Rb2 91. Bc6 Rb6 92. Bd7 Rh6# 0-1

[Event "African Games Rapid Open 2019"]
[Site "Casablanca"]
[Date "2019.08.26"]
[Round "3.20"]
[White "Gole, Habtamu Ashenafi"]
[Black "Hassan, Abderrahmane"]
[Result "0-1"]
[ECO "C03"]
[WhiteElo "2046"]
[BlackElo "1786"]
[Annotator "NA"]
[PlyCount "60"]
[EventDate "2019.08.26"]
[EventType "team-tourn"]
[EventCountry "MAR"]
[SourceTitle "playchess.com"]
[Source "ChessBase"]
[SourceQuality "1"]
[TimeControl "900+10"]

1. e4 e6 2. d4 d5 3. Nd2 Nc6 4. c3 e5 5. exd5 Qxd5 6. dxe5 Nxe5 7. Qa4+ Bd7 8. Qe4 Bc6 9. Qxd5 Bxd5 10. f4 Ng4 11. Ndf3 Bc5 12. Nd4 O-O-O 13. h3 Re8+ 14. Nge2 Ne3 15. Bxe3 Rxe3 16. Kd2 Re8 17. b4 Bb6 18. a4 a5 19. b5 Nf6 20. Rg1 Rd8 21. g3 Rhe8 22. Bg2 Bc4 23. Bf3 Ne4+ 24. Kc2 Bxe2 25. Bxe2 Bxd4 26. Bg4+ Kb8 27. cxd4 Rxd4 28. Rg2 Nc5 29. Rd2 Rxd2+ 30. Kxd2 Nb3+ 0-1

[Event "African Games Rapid Open 2019"]
[Site "Casablanca"]
[Date "2019.08.26"]
[Round "3.21"]
[White "Naipal, Hoolan"]
[Black "Sang, Ricky"]
[Result "0-1"]
[ECO "B91"]
[WhiteElo "1785"]
[BlackElo "1971"]
[Annotator "NA"]
[PlyCount "134"]
[EventDate "2019.08.26"]
[EventType "team-tourn"]
[EventCountry "MAR"]
[SourceTitle "playchess.com"]
[Source "ChessBase"]
[SourceQuality "1"]
[TimeControl "900+10"]

1. e4 c5 2. Nf3 d6 3. d4 cxd4 4. Nxd4 Nf6 5. Nc3 a6 6. g3 e5 7. Nde2 Be7 8. Bg2 O-O 9. O-O b5 10. Nd5 Nxd5 11. Qxd5 Ra7 12. a4 Be6 13. Qd1 b4 14. a5 Nd7 15. Be3 Ra8 16. c3 Qb8 17. Qd2 Nc5 18. Bxc5 dxc5 19. cxb4 Qxb4 20. Qxb4 cxb4 21. Rfc1 Rac8 22. h4 Rfd8 23. Rxc8 Rxc8 24. Rc1 Rxc1+ 25. Nxc1 Bd8 26. Nd3 Bxa5 27. Nxe5 Bc7 28. Nc6 a5 29. f4 Bc4 30. Ne7+ Kf8 31. Nd5 Bxd5 32. exd5 a4 33. Bf1 Bb6+ 34. Kg2 Bd4 35. Bb5 a3 36. bxa3 bxa3 37. Bc4 f6 38. Kf3 Ke7 39. Ke4 Bf2 40. Kf3 Be1 41. Ba2 Kd6 42. h5 Kc5 43. g4 Kd4 44. d6 Ba5 45. d7 Kc5 46. f5 Kd4 47. Be6 h6 48. Ba2 Kd3 49. Be6 Bc7 50. Ba2 Bd8 51. Be6 Kc2 52. Ke4 Kd2 53. Kf3 Kc2 54. Ke4 Kb2 55. Bc4 a2 56. Bxa2 Kxa2 57. Kd5 Kb3 58. Ke6 Kc4 59. Kf7 Kd5 60. Ke8 Ba5 61. d8=Q+ Bxd8 62. Kxd8 Ke5 63. Ke7 Kf4 64. Kf7 Kxg4 65. Kxg7 Kg5 66. Kf7 Kxf5 67. Kg7 Ke5 0-1